 Dungeon Crawl Stone Soup version 0.25.1-8-g42b30a86e7 (webtiles) character file.

Game seed: 11576129462766677798

1094 Destapler the Caller (level 8, -2/37 HPs)
             Began as a Felid Summoner on Dec 5, 2020.
             Was a Believer of Dithmenos.
             Slain by a death yak (11 damage)
             ... on level 8 of the Dungeon.
             The game lasted 01:57:08 (14267 turns).

Destapler the Caller (Felid Summoner)              Turns: 14267, Time: 01:57:09

Health: -2/37      AC:  2    Str:  4    XL:     8   Next: 10%
Magic:  3/14       EV: 21    Int: 17    God:    Dithmenos [**....]
Gold:   438        SH:  5    Dex: 18    Spells: 2/14 levels left
                                        Lives:  0   Deaths: 2

rFire    . . .     SeeInvis +     - Unarmed
rCold    . . .     Gourm    .   (shield unavailable)
rNeg     + . .     Faith    .   (armour unavailable)
rPois    .         Spirit   .   (helmet unavailable)
rElec    +         Reflect  +   (cloak unavailable)
rCorr    .         Harm     .   (gloves unavailable)
MR       ++...                  (boots unavailable)
Stlth    ++++......             v - amulet of reflection
HPRegen  0.12/turn              H - ring of wizardry (curse)
MPRegen  0.14/turn              C - ring of Vuhar {rElec rN+ MR+}

@: wreathed by umbra, quick
A: very small, no armour, no weapons or thrown items, stealth, claws 1, fangs 3,
see invisible, carnivore, speed 1, shaggy fur 2, slow metabolism 1, sharp paws
a: Shadow Step, Renounce Religion


You were on level 8 of the Dungeon.
You worshipped Dithmenos.
Dithmenos was pleased with you.
You were very full.

You visited 1 branch of the dungeon, and saw 8 of its levels.

You collected 438 gold pieces.

Inventory:

Hand Weapons
 J - the +2 rapier of the Trees {pain, +Blink rN+}
   (You took it off an orc on level 7 of the Dungeon)

   In the hands of one skilled in necromantic magic, it inflicts extra damage on
   living creatures.
   It protects you from negative energy.
   It lets you blink.
Jewellery
 l - an uncursed ring of stealth
 n - an uncursed ring of poison resistance
 v - an amulet of reflection (around neck)
 C - the ring of Vuhar (right paw) {rElec rN+ MR+}
   (You found it on level 8 of the Dungeon)

   [ring of positive energy]

   It insulates you from electricity.
   It protects you from negative energy.
   It affects your resistance to hostile enchantments.
 E - an uncursed ring of flight
 G - an uncursed ring of protection from cold
 H - a cursed ring of wizardry (left paw)
Wands
 t - a wand of iceblast (3)
 D - a wand of clouds (7)
 F - a wand of polymorph (8)
Scrolls
 e - 2 scrolls of teleportation {unknown}
 k - 4 scrolls of identify
 o - a scroll of random uselessness {unknown}
 q - 3 scrolls of remove curse
 s - a scroll of fear
 w - a scroll of blinking {unknown}
 x - a scroll of enchant armour {unknown}
 y - a scroll of immolation {unknown}
 B - a scroll of silence {unknown}
 I - a scroll of summoning {unknown}
 K - a scroll of vulnerability {unknown}
Potions
 a - 2 potions of degeneration {unknown}
 c - a potion of invisibility
 d - a potion of flight {unknown}
 f - 3 potions of brilliance
 h - 3 potions of heal wounds
 i - a potion of resistance {unknown}
 j - a potion of curing {unknown}
 m - a potion of cancellation {unknown}
 p - 2 potions of mutation
 r - 2 potions of lignification
 u - a potion of berserk rage {unknown}
 z - a potion of might {unknown}
 A - a potion of stabbing {unknown}
Comestibles
 b - 16 rations


   Skills:
 + Level 5.2 Fighting
 + Level 5.2 Dodging
 + Level 4.9 Stealth
 + Level 2.9 Unarmed Combat
 + Level 3.6 Spellcasting
 + Level 4.8 Hexes
 - Level 5.3 Summonings
 * Level 1.5 Air Magic
 + Level 2.5 Invocations
 + Level 2.8 Evocations


You had 2 spell levels left.
You knew the following spells:

 Your Spells              Type           Power        Failure   Level  Hunger
c - Call Canine Familiar  Summ           ###.....     2%          3    ###....
g - Summon Guardian Gole  Hex/Summ       ###.....     2%          3    ###....
i - Call Imp              Summ           ###.....     1%          2    ##.....
l - Summon Lightning Spi  Summ/Air       ##......     16%         4    ####...

Your spell library contained the following spells:

 Spells                   Type           Power        Failure   Level  Hunger
 Summon Small Mammal      Summ           ###.         1%          1    None
 Summon Ice Beast         Ice/Summ       ##......     22%         4    ####...


Dungeon Overview and Level Annotations

Branches:
Dungeon (8/15)             Temple (0/1) D:4            Lair (0/6) D:8

Altars:
Ashenzari
Cheibriados
Dithmenos
Elyvilon
Gozag
Hepliaklqana
Sif Muna
Trog
Yredelemnul
Zin

Annotations:
D:4 Eustachio


Innate Abilities, Weirdness & Mutations

You cannot wear armour.
You are incapable of wielding weapons or throwing items.
Your paws allow you to move quietly. (Stealth)
You have sharp claws.
You have razor-sharp teeth.
You have supernaturally acute eyesight. (SInv)
You are carnivorous and can eat meat at any time.
You cover ground quickly.
You are covered in thick fur. (AC +2)
You have a slow metabolism.
Your sharp claws are effective at attacking unaware monsters.


Message History

Confirm with . or Enter, or press ? or * to list all spells.
A beastly little devil appears in a puff of flame.
The death yak barely misses you.
Casting: Call Imp (safe; 1% risk of failure)
Confirm with . or Enter, or press ? or * to list all spells.
A metallic apparition takes form in the air.
The death yak completely misses you.
You scratch the death yak but do no damage.
The death yak gores you!!
Ouch! That really hurt!
* * * LOW HITPOINT WARNING * * *
Your lightning spire shoots out a bolt of lightning at the death yak!
The bolt of electricity hits the death yak!
The bolt of electricity hits your iron imp.
Your iron imp completely resists.
Your crimson imp hits the death yak but does no damage.
As you read the scroll labeled GAFRIL CESH, it crumbles to dust.
The scroll dissolves into smoke.
It was a scroll of fog.
The death yak gores you!
You die...

########.....##.....§.§.§####...#
#.......#.#.#...§.## ##.#.
#.......#.._5..<§## ##..
#.......###.#..(## #.. ###
##....### #...'## #.# ..##
#.....#.######.# #.#
#..####.#.##...# #.# #.#
##.........#(.######.## #O#
#.............#@##.>.### #Y.
#.(...(....().#5Y5.....# #..
#..(..#...#.).#8##...#.# ##..
##...#..>.....#h###.##.######...
#....#...#.....# #.##..Y.O.....
#(##..#.......## #.########....
#.#...........# #.# #._..
#............## #.# #....
#########.#### #.# ##._.


You could see a death yak, a friendly lightning spire (summoned), a friendly
iron imp (summoned) and a friendly crimson imp (summoned).

Vanquished Creatures
  A phantom (D:8)
  3 bullfrogs
  A centaur zombie (D:7)
  A crimson imp (D:6)
  An orc wizard (D:8)
  A bullfrog skeleton (D:4)
  2 orc priests
  A centaur skeleton (D:6)
  A nameless horror (D:8)
  5 gnolls
  2 adders
  A howler monkey skeleton (D:8)
  3 shadow imps
  An ooze (D:2)
  A dart slug (D:3)
  2 leopard geckos
  10 orcs
  2 giant cockroaches
  A goblin (D:3)
  3 hobgoblins
  A jackal (D:2)
  2 quokkas
  7 bats
  4 frilled lizards
  3 kobolds
  4 rats
64 creatures vanquished.

Vanquished Creatures (collateral kills)
  A wyvern (D:7)
  A yak (D:8)
  A hungry ghost (D:8)
  A sky beast (D:7)
  An orc warrior (D:7)
  A phantom (D:5)
  2 ogres
  A centaur (D:8)
  A bullfrog (D:8)
  4 scorpions
  A crimson imp (D:6)
  2 hounds
  2 orc priests
  An iguana (D:6)
  3 worker ants
  7 orc wizards
  5 gnolls
  6 adders
  2 worms (D:2)
  A dart slug (D:1)
  A leopard gecko (D:7)
  17 orcs
  A ball python (D:1)
  A bat (D:1)
  3 giant cockroaches (D:2)
  2 goblins (D:1)
  A hobgoblin (D:3)
  4 jackals (D:2)
  4 quokkas
  3 frilled lizards
  2 kobolds
  2 rats (D:1)
85 creatures vanquished.

Grand Total: 149 creatures vanquished

Notes
Turn   | Place    | Note
-------+----------+-------------------------------------------
     0 | D:1      | Destapler the Felid Summoner began the quest for the Orb.
     0 | D:1      | Reached XP level 1. HP: 7/7 MP: 4/4
   279 | D:1      | Reached XP level 2. HP: 11/11 MP: 1/6
  1161 | D:2      | Found a glowing silver altar of Zin.
  1236 | D:2      | Reached XP level 3. HP: 14/14 MP: 5/7
  1241 | D:2      | Learned a level 3 spell: Call Canine Familiar
  2720 | D:2      | You fall into a shaft and drop 1 floor!
  2965 | D:2      | Reached XP level 4. HP: 15/18 MP: 2/8
  3084 | D:2      | Found a shadowy altar of Dithmenos.
  3092 | D:2      | Became a worshipper of Dithmenos the Shadowed
  3326 | D:3      | Reached skill level 1 in Fighting
  3704 | D:3      | Found a faded altar of an unknown god.
  4366 | D:4      | Slain by an adder
  4367 | D:4      | Reached XP level 3. HP: 0/16 MP: 6/8
  4425 | D:4      | Reached XP level 4. HP: 12/19 MP: 5/9
  4618 | D:4      | Learned a level 2 spell: Call Imp
  4818 | D:4      | Reached skill level 5 in Summonings
  5032 | D:4      | Reached XP level 5. HP: 18/23 MP: 8/10
  5132 | D:4      | Found a staircase to the Ecumenical Temple.
  5173 | D:5      | Entered Level 5 of the Dungeon
  5206 | D:5      | Noticed a phantom
  5229 | D:5      | Killed a phantom
  5349 | D:5      | Found a basalt altar of Yredelemnul.
  5605 | D:5      | Reached * piety under Dithmenos
  5817 | D:5      | Noticed Eustachio
  6265 | D:5      | Learned a level 3 spell: Summon Guardian Golem
  6277 | D:5      | Reached skill level 1 in Unarmed Combat
  6830 | D:6      | Reached skill level 1 in Hexes
  6830 | D:6      | Gained mutation: You are covered in thick fur. (AC +2)
                  | [Felid growth]
  6830 | D:6      | Reached XP level 6. HP: 18/28 MP: 6/11
  7347 | D:6      | Reached skill level 1 in Evocations
  8317 | D:6      | Reached XP level 7. HP: 32/32 MP: 6/12
  8613 | D:7      | Reached skill level 1 in Invocations
  9543 | D:7      | Found a bloodstained altar of Trog.
 10748 | D:8      | Noticed a yak
 10748 | D:8      | Noticed a yak
 10794 | D:8      | Mangled by an orc warrior
 10795 | D:8      | Reached XP level 6. HP: -7/29 MP: 4/11
 10806 | D:8      | Noticed a hungry ghost
 10880 | D:8      | Reached ** piety under Dithmenos
 11023 | D:8      | Noticed a two-headed ogre
 11050 | D:8      | Reached XP level 7. HP: 33/33 MP: 1/12
 11408 | D:8      | Killed a hungry ghost
 11408 | D:8      | Reached skill level 5 in Fighting
 11594 | D:8      | Got a vibrating tin ring
 11596 | D:8      | Identified the ring of Vuhar {rElec rN+ MR+} (You found it
                  | on level 8 of the Dungeon)
 11659 | D:8      | Identified the +2 rapier of the Trees {pain, +Blink rN+}
 12001 | D:8      | Noticed a death yak
 12002 | D:8      | Noticed a death yak
 12022 | D:8      | Learned a level 4 spell: Summon Lightning Spire
 12330 | D:8      | Found a white marble altar of Elyvilon.
 12330 | D:8      | Noticed a wyvern
 12350 | D:7      | Killed a wyvern
 12559 | D:8      | Found a staircase to the Lair.
 12602 | D:8      | Noticed a yak
 12604 | D:8      | Noticed a death yak
 12906 | D:8      | Found a shattered altar of Ashenzari.
 12908 | D:8      | Found a snail-covered altar of Cheibriados.
 12909 | D:8      | Found a shimmering blue altar of Sif Muna.
 12909 | D:8      | Found an opulent altar of Gozag.
 12918 | D:8      | Found a bloodstained altar of Trog.
 12926 | D:8      | Found a hazy altar of Hepliaklqana.
 12932 | D:8      | Reached skill level 5 in Dodging
 12968 | D:8      | Reached skill level 1 in Air Magic
 13119 | D:8      | Killed a yak
 13119 | D:8      | Reached XP level 8. HP: 37/37 MP: 2/14
 14267 | D:8      | Slain by a death yak

Illustrated notes

Levels and vault maps discovered:
D:1:      dpeg_arrival_line_fractal, layout_rooms, minmay_split_cup_small
D:2:      layout_basic, zin_statuary, lemuel_coloured_pillars_altar
D:3:      layout_basic, chequers_ecumenical_altar_twisty, first_ration
D:4:      layout_rooms, minmay_temple_entry_butterflies,
          hangedman_decor_diamond_cutter
D:5:      layout_cave_pods, kennysheep_mini_moat, uniq_eustachio
D:6:      layout_basic
D:7:      layout_basic, grunt_ogre_cave, bloody_trog
D:8:      layout_loops_corners, grunt_temple_overflow_open,
          lemuel_crystal_altar, dpeg_lair_monsters

Skill      XL: |  1  2  3  4  5  6  7 |
---------------+----------------------+-----
Stealth        | 3 4 |  4.9
Dodging        | 3 4 5 |  5.2
Fighting       | 2 3 4 5 |  5.2
Summonings     | 5 |  5.3
Spellcasting   | 3 |  3.6
Unarmed Combat | 1 2 |  2.9
Hexes          | 1 2 4 |  4.8
Evocations     | 1 2 |  2.8
Invocations    | 2 |  2.5
Air Magic      | 1 |  1.5

Action                   |  1- 3 |  4- 6 |  7- 9 || total
-------------------------+-------+-------+-------++-------
Melee: Unarmed           |   110 |   167 |   163 ||   440
       Bite              |     6 |    14 |    11 ||    31
       Punch             |     1 |       |       ||     1
 Cast: Summon Small Mamm |    56 |    44 |       ||   100
       Call Canine Famil |     6 |    10 |    30 ||    46
       Call Imp          |       |    52 |    62 ||   114
       Summon Guardian G |       |       |    17 ||    17
       Summon Lightning  |       |       |     5 ||     5
Evoke: Wand              |       |       |     2 ||     2
  Use: Scroll            |       |     7 |     4 ||    11
       Potion            |       |       |     1 ||     1
 Stab: Sleeping          |     9 |     6 |     7 ||    22
       Distracted        |     1 |     2 |     5 ||     8
       Invisible         |       |       |     1 ||     1
  Eat: Chunk             |    17 |    13 |    27 ||    57
       Ration            |       |       |     1 ||     1
Armor: Skin              |    14 |     9 |     6 ||    29
Dodge: Dodged            |   121 |   156 |   143 ||   420
Block: Other             |       |    14 |    37 ||    51
       Reflection        |       |       |     2 ||     2
